 Dungeon Crawl Stone Soup version 0.19.5 (webtiles) character file.

16 equalderp2856 the Caller (level 2, -1/11 HPs)
             Began as a Felid Summoner on Mar 31, 2017.
             Slain by a kobold (3 damage)
             ... on level 1 of the Dungeon.
             The game lasted 00:02:25 (1375 turns).

equalderp2856 the Caller (Felid Summoner)           Turns: 1375, Time: 00:02:25

Health: -1/11      AC:  1    Str:  4    XL:     2   Next: 41%
Magic:  6/6        EV: 17    Int: 16    God:
Gold:   50         SH:  0    Dex: 16    Spells: 1 memorised, 4 levels left
                                        Lives:  0   Deaths: 0

rFire  . . .     SeeInvis +     (weapon unavailable)
rCold  . . .     Gourm    .     (armour unavailable)
rNeg   . . .     Faith    .     (shield unavailable)
rPois  .         Spirit   .     (helmet unavailable)
rElec  .         Reflect  .     (cloak unavailable)
rCorr  .         Harm     .     (gloves unavailable)
MR     .....                    (boots unavailable)
Stlth  +++.......               (no amulet)
                                (no ring)
                                (no ring)

@: drained, quick
A: no armour, no weapons or thrown items, stealth, claws 1, fangs 3, see
invisible, carnivore 3, speed 1, shaggy fur 1, slow metabolism 1, sharp paws
a: no special abilities


You were on level 1 of the Dungeon.
You were not hungry.

You visited 1 branch of the dungeon, and saw 1 of its levels.

You collected 50 gold pieces.

Inventory:

Jewellery
 c - an uncursed ring of wizardry
 e - an uncursed ring of resist corrosion {unknown}
Scrolls
 d - a scroll of noise {unknown}
Potions
 f - a potion of curing {unknown}
Books
 a - a book of Callings

   Spells                             Type                      Level
   a - Summon Small Mammal            Summoning                    1
   b - Call Imp                       Summoning                    2
   c - Call Canine Familiar           Summoning                    3
   d - Summon Guardian Golem          Hexes/Summoning              3
   e - Summon Lightning Spire         Summoning/Air                4
   f - Summon Ice Beast               Ice/Summoning                4
Comestibles
 b - a meat ration


   Skills:
 + Level 2.6(2.4) Dodging
 + Level 3.3(3.1) Stealth
 + Level 2.1(1.8) Spellcasting
 + Level 4.3(4.0) Summonings


You had 4 spell levels left.
You knew the following spells:

 Your Spells              Type           Power        Failure   Level  Hunger
a - Summon Small Mammal   Summ           ##..         4%          1    ##.....


Dungeon Overview and Level Annotations

Branches:
Dungeon (1/15)

Altars:


Innate Abilities, Weirdness & Mutations

You cannot wear armour.
You are incapable of wielding weapons or throwing items.
Your paws allow you to move quietly. (Stealth)
You have sharp claws.
You have razor-sharp teeth.
You have supernaturally acute eyesight. (SInv)
You are carnivorous and can eat meat at any time.
You cover ground quickly.
You are covered in fur. (AC +1)
You have a slow metabolism.
Your sharp claws are effective at attacking unaware monsters.


Message History

You closely miss the kobold. Your bite misses the kobold.
The kobold closely misses you.
You closely miss the kobold. The kobold hits you.
You scratch the kobold but do no damage.
The kobold hits you.
* * * LOW HITPOINT WARNING * * *
You barely miss the kobold. You bite the kobold.
The kobold is heavily wounded.
The kobold misses you.
You barely miss the kobold.
The kobold is heavily wounded.
The kobold closely misses you.
You barely miss the kobold.
The kobold is heavily wounded.
The kobold hits you.
* * * LOW HITPOINT WARNING * * *
You barely miss the kobold.
The kobold is heavily wounded.
The kobold hits you.
You die...

###### #....# #####....#
########........#
#..K...#........#
##########.####K#........#
...#......# #@#........#######
####.#.#########.#........#.....#
........................###.###.#
##.........#####.####'### #.# #..
#.#.#K##..#####.# #.# #.#####
#.#...##........# #.#####.##...
#.##..##.......## #...#...##.##
#......#..######## ###.#.####.#
####.............. #.#......#


You could see a kobold.

Vanquished Creatures
  A dart slug (D:1)
  A ball python (D:1)
  2 bats (D:1)
  2 hobgoblins (D:1)
  2 frilled lizards (D:1)
  2 goblins (D:1)
  3 kobolds (D:1)
  2 rats (D:1)
15 creatures vanquished.

Notes
Turn   | Place    | Note
-------+----------+-------------------------------------------
     0 | D:1      | equalderp2856 the Felid Summoner began the quest for the Orb.
     0 | D:1      | Reached XP level 1. HP: 7/7 MP: 4/4
   543 | D:1      | Reached XP level 2. HP: 4/11 MP: 6/6
  1375 | D:1      | Slain by a kobold

Skill      XL: |  1 |
---------------+----+-----
Stealth        | 3 |  3.3
Dodging        | |  2.6
Spellcasting   | |  2.1
Summonings     | |  4.3

Action                   || total
-------------------------++-------
Melee: Unarmed           ||    54
       Bite              ||     2
 Stab: Sleeping          ||     6
  Eat: Chunk             ||     2
Armor: Skin              ||     2
Dodge: Dodged            ||    36
